Map: [ESL] Alcyone

Players

Astrea - Winner!

  • Race: Protoss Protoss
  • Spawn Location: 1:00

Scarlett

  • Race: Zerg Zerg
  • Spawn Location: 7:00

Event: ESL SC2 Masters 2023 Winter (Regional)

VOD

Have the link to the VOD?

Description

Time

  • Played on: Nov. 12, 2023, 3:21 p.m.
  • Length: 15:40

All games in this series

Show
View Real Time Build Order
Export as new Build Order

Astrea Protoss - Winner!

Build Orders: 1 Gate Expand, Oracle Opening 

Get SALT Encoding   

  12  0:00  Probe  
  13  0:12  Probe  
  14  0:19  Pylon  
  14  0:24  Probe  
  15  0:37  Probe (Chrono Boost)  
  15  0:39  Gateway  
  16  0:46  Probe (Chrono Boost)  
  16  0:49  Assimilator  
  17  0:52  Probe  
  18  1:04  Probe  
  19  1:16  Probe  
  20  1:25  Nexus  
  20  1:28  Probe  
  21  1:37  Cybernetics Core  
  21  1:45  Assimilator  
  21  1:46  Probe  
  22  1:52  Pylon  
  22  1:58  Probe  
  23  2:10  Probe (Chrono Boost)  
  23  2:11  Adept (Chrono Boost)  
  26  2:21  Stargate  
  26  2:22  Probe (Chrono Boost)  
  27  2:27  Probe (Chrono Boost)  
  28  2:30  Warp Gate  
  28  2:35  Adept  
  31  2:39  Probe (Chrono Boost)  
  31  2:42  Probe (Chrono Boost)  
  32  2:47  Probe (Chrono Boost)  
  32  2:50  Probe (Chrono Boost)  
  34  2:53  Probe  
  35  3:01  Oracle (Chrono Boost), Probe  
  40  3:05  Probe  
  40  3:08  Pylon  
  40  3:13  Probe  
  40  3:17  Probe  
  42  3:20  Gateway  
  42  3:25  Probe  
  43  3:30  Pylon  
  43  3:31  Oracle (Chrono Boost)  
  43  3:34  Probe  
  47  3:37  Probe  
  48  3:45  Nexus  
  48  3:47  Probe  
  49  3:53  Twilight Council  
  49  3:54  Probe  
  50  4:00  Probe  
  50  4:02  Assimilator  
  51  4:06  Probe  
  51  4:12  Probe  
  51  4:16  Gateway x2  
  52  4:18  Probe  
  52  4:22  Stalker  
  52  4:24  Stalker, Blink (Chrono Boost), Probe  
  56  4:30  Probe  
  59  4:36  Probe  
  60  4:43  Probe  
  61  4:48  Probe  
  62  4:57  Probe, Stalker x2  
  62  4:58  Pylon  
  67  5:02  Probe  
  67  5:04  Probe  
  69  5:09  Probe  
  69  5:11  Pylon  
  69  5:12  Stalker x2  
  74  5:14  Probe  
  74  5:16  Probe  
  77  5:21  Stalker x2, Probe  
  77  5:26  Probe  
  77  5:27  Assimilator  
  77  5:28  Forge, Probe  
  83  5:33  Probe  
  84  5:36  Shield Battery  
  84  5:37  Stalker  
  84  5:38  Probe  
  84  5:39  Stalker  
  84  5:40  Probe  
  84  5:42  Pylon  
  90  5:45  Probe  
  90  5:46  Stalker  
  93  5:57  Nexus, Protoss Ground Weapons Level 1 (Chrono Boost)  
  93  6:00  Probe x2  
  93  6:02  Assimilator  
  93  6:03  Assimilator, Probe  
  96  6:07  Templar Archives  
  96  6:11  Pylon  
  96  6:12  Probe x2  
  96  6:14  Charge  
  96  6:15  Probe  
  99  6:22  Gateway x2  
  99  6:24  Probe  
  100  6:28  Probe  
  100  6:30  Probe  
  102  6:37  Zealot, Psionic Storm, Probe  
  102  6:38  Zealot x2  
  109  6:43  Probe  
  109  6:52  Probe x2  
  109  6:53  Pylon  
  105  6:54  Pylon  
  105  6:55  Zealot, Probe  
  104  7:02  Photon Cannon  
  104  7:03  Gateway  
  104  7:04  Probe  
  104  7:05  Shield Battery  
  104  7:06  Probe  
  104  7:07  High Templar  
  108  7:09  Probe x2  
  108  7:10  Shield Battery  
  110  7:15  High Templar  
  110  7:16  Unknown, Probe  
  110  7:17  High Templar x2  
  110  7:18  Photon Cannon, Probe  
  110  7:21  Probe  
  119  7:26  Shield Battery  
  119  7:30  Probe x2  
  119  7:31  Pylon  
  119  7:33  Robotics Facility, High Templar  
  123  7:40  Shield Battery  
  123  7:42  Photon Cannon  
  123  7:44  High Templar  
  125  7:53  Protoss Ground Weapons Level 2 (Chrono Boost)  
  125  7:54  Zealot x4, Forge  
  133  8:00  Stalker  
  135  8:05  Photon Cannon  
  135  8:06  Stalker  
  135  8:07  Photon Cannon  
  135  8:09  Photon Cannon x2  
  137  8:18  Archon  
  133  8:23  Stalker x6  
  137  8:33  Archon  
  131  8:36  Stalker  
  131  8:38  Immortal (Chrono Boost)  
  129  8:45  Protoss Shields Level 1 (Chrono Boost), Stalker  
  129  8:46  Stalker x5  
  131  9:02  Observer (Chrono Boost), High Templar  
  134  9:10  Zealot x2  
  134  9:11  High Templar x4  
  134  9:14  Pylon x2  
  134  9:16  Pylon  
  146  9:18  Pylon  
  146  9:20  Pylon  
  146  9:21  Pylon  
  146  9:23  Pylon  
  146  9:28  Nexus, Pylon  
  146  9:31  Warp Prism (Chrono Boost)  
  146  9:38  High Templar x3  
  148  9:44  Archon  
  148  9:45  Zealot x4  
  158  9:51  Gateway x2  
  158  9:52  Photon Cannon  
  158  9:54  Gateway, Shield Battery, Protoss Ground Weapons Level 3 (Chrono Boost)  
  158  9:57  Gateway  
  158  10:03  Protoss Air Weapons Level 1  
  158  10:05  Photon Cannon  
  158  10:08  Pylon  
  154  10:17  Immortal (Chrono Boost)  
  158  10:22  Protoss Ground Armor Level 1 (Chrono Boost)  
  158  10:23  High Templar x4  
  158  10:25  Zealot x3  
  172  10:28  Pylon  
  172  10:29  Pylon  
  172  10:33  Photon Cannon  
  172  10:34  Photon Cannon  
  172  10:36  Photon Cannon  
  172  10:40  Shield Battery  
  172  10:48  Assimilator  
  172  10:49  Immortal  
  176  10:52  Assimilator  
  174  10:58  Zealot x7  
  174  10:59  Zealot x4  
  164  11:21  Fleet Beacon, Stargate  
  164  11:23  High Templar x3  
  164  11:24  High Templar  
  172  11:27  Zealot x7  
  172  11:30  Archon x2  
  170  11:40  Immortal (Chrono Boost)  
  172  11:58  Zealot x3  
  172  11:59  Zealot x8  
  190  12:11  Warp Prism  
  168  12:22  Stalker x9  
  174  12:23  Stalker x2  
  184  12:30  Archon x2  
  168  12:40  Carrier x2 (Chrono Boost)  
  162  12:49  Mothership (Chrono Boost)  
  158  12:56  High Templar x4  
  166  13:08  Protoss Air Weapons Level 2 (Chrono Boost)  
  165  13:20  Stalker x7  
  165  13:37  Zealot x4  
  165  13:38  Carrier x2 (Chrono Boost)  
  172  13:44  High Templar, Zealot x2  
  172  13:45  Zealot x4  
  186  13:51  Photon Cannon  
  186  14:06  Photon Cannon  
  186  14:08  Photon Cannon  
  186  14:11  Zealot x5  
  186  14:14  High Templar x2  
  200  14:21  Archon  
  200  14:27  Nexus  
  200  14:35  Observer  
  192  14:48  High Templar x4  
  192  14:50  Pylon  
  192  14:52  Pylon  
  200  14:56  Archon x2  
  200  15:24  Zealot x4  
  194  15:32  Zealot x3  
Show
View Real Time Build Order
Export as new Build Order

Scarlett Zerg 

Build Orders: Hatch First 

Get SALT Encoding   

  12  0:00  Drone  
  13  0:12  Overlord  
  13  0:17  Drone  
  14  0:30  Drone x2  
  16  0:38  Drone  
  17  0:51  Hatchery  
  17  0:54  Drone  
  17  0:58  Drone  
  18  1:07  Extractor  
  17  1:14  Spawning Pool  
  17  1:16  Drone  
  17  1:19  Drone  
  18  1:28  Drone  
  19  1:39  Drone  
  20  1:50  Overlord  
  20  2:01  Queen  
  20  2:02  Zergling x2  
  20  2:03  Drone, Queen  
  26  2:12  Zergling x2, Metabolic Boost  
  26  2:14  Drone  
  28  2:23  Drone  
  28  2:25  Drone  
  30  2:35  Drone  
  31  2:40  Hatchery  
  30  2:44  Queen  
  30  2:46  Zergling x2  
  30  2:50  Overlord  
  33  2:55  Drone x2  
  35  3:01  Drone  
  36  3:10  Queen  
  36  3:11  Overlord  
  36  3:12  Drone x2  
  40  3:17  Drone  
  40  3:18  Drone  
  41  3:23  Drone, Overlord  
  42  3:30  Drone x2  
  44  3:38  Queen  
  46  3:43  Drone x6  
  52  3:52  Drone  
  53  4:02  Hatchery  
  52  4:03  Spore Crawler  
  52  4:07  Drone x5  
  55  4:10  Drone  
  55  4:11  Drone  
  56  4:19  Drone x5  
  56  4:22  Drone x2  
  63  4:29  Drone x2  
  63  4:31  Overlord  
  65  4:34  Evolution Chamber  
  61  4:44  Drone x5  
  65  4:49  Overlord  
  65  4:51  Drone x6  
  71  4:53  Lair  
  71  5:00  Overlord  
  71  5:02  Drone x3, Extractor  
  71  5:03  Zerg Melee Weapons Level 1  
  73  5:12  Drone  
  73  5:13  Zergling x14  
  81  5:16  Extractor x2, Spore Crawler  
  81  5:20  Drone x2  
  78  5:22  Drone x3  
  81  5:31  Overlord  
  81  5:32  Zergling x10  
  87  5:35  Zergling x6  
  87  5:40  Zergling x6  
  92  5:43  Overlord  
  92  5:55  Zergling x14  
  97  5:58  Hydralisk Den  
  97  5:59  Overlord x4  
  97  6:00  Zergling x2  
  97  6:03  Zergling x2  
  98  6:09  Zergling x8, Baneling Nest  
  98  6:11  Extractor  
  100  6:15  Drone x3  
  100  6:16  Zergling x6  
  105  6:20  Zergling x6  
  105  6:23  Zergling x2  
  105  6:24  Zergling x4  
  111  6:27  Zergling x8  
  115  6:36  Hydralisk x6, Muscular Augments, Hatchery  
  120  6:49  Hydralisk x6  
  120  6:56  Hydralisk x2  
  120  6:57  Zergling x8  
  120  7:00  Zergling x6  
  127  7:03  Centrifugal Hooks  
  127  7:05  Overlord  
  127  7:08  Zergling x8  
  127  7:13  Overlord x2  
  131  7:17  Hydralisk x2  
  135  7:26  Zergling x16  
  143  7:37  Zergling x18  
  143  7:40  Grooved Spines  
  143  7:43  Zergling x6  
  155  7:48  Zergling x10  
  160  7:51  Overlord  
  160  7:56  Baneling x22  
  160  8:01  Baneling x3  
  160  8:02  Zergling x8  
  165  8:05  Zergling x2  
  165  8:07  Overlord x2  
  164  8:19  Zergling x24  
  152  8:25  Zergling x10  
  141  8:32  Hydralisk  
  119  8:35  Hydralisk x4  
  119  8:36  Zergling x2  
  119  8:37  Hydralisk  
  99  8:52  Drone  
  99  8:53  Drone x3  
  99  8:55  Drone x3, Hydralisk x5  
  100  9:01  Hydralisk x3  
  116  9:07  Zergling x14  
  123  9:12  Hydralisk x2  
  126  9:17  Zergling x10  
  131  9:25  Baneling  
  131  9:26  Baneling x9  
  131  9:35  Drone  
  131  9:36  Drone x2  
  131  9:38  Zerg Missile Weapons Level 1  
  134  9:40  Zergling x30  
  149  9:53  Zergling x26  
  149  9:58  Baneling x13  
  162  10:10  Overseer  
  161  10:16  Hydralisk x4  
  169  10:23  Zergling x40  
  189  10:34  Zergling x2  
  190  10:36  Hatchery  
  189  10:43  Overlord x2  
  189  10:47  Extractor  
  188  10:56  Baneling x22  
  182  11:16  Zergling x58  
  197  11:25  Infestation Pit  
  196  11:31  Zergling x6  
  196  11:43  Zerg Melee Weapons Level 2  
  196  11:45  Zergling x6  
  197  11:55  Baneling x25  
  197  12:03  Zergling x4  
  197  12:08  Hive  
  198  12:14  Baneling x6  
  187  12:28  Zergling x62  
  195  12:31  Zergling x10  
  195  12:35  Zergling x10  
  184  12:40  Zergling x18  
  177  12:45  Hydralisk  
  177  12:46  Hydralisk x5  
  184  12:54  Drone x4  
  185  13:04  Baneling x7  
  185  13:05  Baneling x8  
  183  13:13  Drone x2  
  183  13:17  Hydralisk x5  
  195  13:21  Hatchery  
  190  13:29  Hydralisk x5  
  190  13:30  Zergling x2  
  190  13:31  Zergling x2  
  147  13:36  Hydralisk x3  
  147  13:37  Zergling x2  
  128  13:44  Hydralisk x3  
  128  13:45  Zergling x4  
  129  13:52  Hatchery  
  128  13:59  Baneling x8  
  128  14:17  Drone x3  
  128  14:20  Zergling x32, Hydralisk  
  147  14:25  Baneling x8  
  128  14:41  Hydralisk x6  
  128  14:42  Zergling x8  
  144  14:57  Baneling x10  
  144  15:03  Zergling x28  
  158  15:07  Baneling x6  
Tags
 
Add a new tag
Caveats
  • Supply blocks, unpowered buildings, or Contaminate may cause inaccurate times.
  • Supply counts are checked every 10 seconds.